 Dungeon Crawl Stone Soup version 0.21.0-3-g78d12a8 (webtiles) character file.

826 Ignatius881 the Destroyer (level 7, -6/36 HPs)
             Began as a Deep Elf Conjurer on Jan 9, 2018.
             Shot with an arrow by a centaur (13 damage)
             ... on level 5 of the Dungeon.
             The game lasted 00:18:15 (5598 turns).

Ignatius881 the Destroyer (Deep Elf Conjurer)       Turns: 5598, Time: 00:18:16

Health: -6/36      AC:  3    Str:  5    XL:     7   Next: 64%
Magic:  15/18      EV: 15    Int: 22    God:
Gold:   275        SH:  0    Dex: 15    Spells: 7/18 levels left

rFire    . . .     SeeInvis +   h - +0 dagger
rCold    . . .     Gourm    .   (no shield)
rNeg     . . .     Faith    .   a - +0 robe
rPois    .         Spirit   .   n - +0 helmet
rElec    .         Reflect  .   (no cloak)
rCorr    .         Harm     .   (no gloves)
MR       .....                  (no boots)
Stlth    ++........             (no amulet)
HPRegen  0.12/turn              z - ring of see invisible
MPRegen  0.16/turn              (no ring)

@: no status effects
A: no striking features
a: no special abilities


You were on level 5 of the Dungeon.
You were not hungry.

You visited 1 branch of the dungeon, and saw 5 of its levels.

You collected 275 gold pieces.

Inventory:

Hand Weapons
 h - a +0 dagger (weapon)
   (You took it off a goblin on level 1 of the Dungeon)
 F - the +3 dagger "Sioloaqaiwk" {freeze, Int-2 Dex+5 SInv, unknown}
   (You found it on level 4 of the Dungeon)

   It has been specially enchanted to freeze those struck by it, causing extra
   injury to most foes and up to half again as much damage against particularly
   susceptible opponents.
   It can also slow down cold-blooded creatures.
   It affects your intelligence (-2).
   It affects your dexterity (+5).
   It lets you see invisible.
Missiles
 p - 106 stones (quivered)
 x - a throwing net {!f}
Armour
 a - a +0 robe (worn)
 n - a +0 helmet (worn)
   (You found it on level 1 of the Dungeon)
 y - a +0 pair of gloves
   (You found it on level 3 of the Dungeon)
Jewellery
 u - an uncursed ring of protection from cold
   (You found it on level 4 of the Dungeon)
 z - a ring of see invisible (left hand)
   (You found it on level 2 of the Dungeon)
 H - an uncursed ring of protection from cold
   (You found it on level 5 of the Dungeon)
Scrolls
 i - 2 scrolls of immolation {!r}
 k - 3 scrolls of noise {unknown}
 l - a scroll of fear
 m - 3 scrolls of amnesia
 o - 3 scrolls of enchant armour
 q - a scroll of teleportation {@r4}
 r - a scroll of blinking
 v - 2 scrolls of remove curse {unknown}
 A - a scroll of enchant weapon {unknown}
 G - 2 scrolls of magic mapping {unknown}
Potions
 b - a potion of might {unknown}
 d - a potion of flight {unknown}
 f - a potion of lignification {unknown}
 g - a potion of degeneration {unknown}
 j - a potion of cancellation {unknown}
 s - 3 potions of curing {@q1}
 t - 2 potions of brilliance {unknown}
 B - a potion of heal wounds {unknown}
 C - a potion of agility {unknown}
 D - a potion of invisibility {unknown}
 E - a potion of mutation {unknown}
 J - a potion of haste {unknown}
Books
 e - a book of Conjurations
 w - a book of Alchemy
   (You found it on level 3 of the Dungeon)
Comestibles
 c - 12 rations
 I - a chunk of flesh


   Skills:
 + Level 5.6 Dodging
 - Level 2.4 Stealth
 + Level 6.3 Spellcasting
 * Level 8.0 Conjurations


You had 7 spell levels left.
You knew the following spells:

 Your Spells              Type           Power        Failure   Level  Hunger
a - Magic Dart            Conj           ####         1%          1    None
b - Searing Ray           Conj           #####.       1%          2    None
c - Iskenderun's Mystic   Conj           #####...     3%          4    ###....
d - Fulminant Prism       Conj/Hex       ###.......   17%         4    ###....


Dungeon Overview and Level Annotations

Branches:
Dungeon (5/15)
 Temple: D:4-7

Altars:
Hepliaklqana
Qazlal
Trog
Yredelemnul
Zin

Shops:
D:5 !


Message History

The magic dart hits the jelly.
The jelly barely misses you.
Aim: a jelly (almost dead)
The magic dart hits the jelly.
You kill the jelly!
Your Conjurations skill increases to level 8!
Aim: a frilled lizard (resting)
The magic dart hits the frilled lizard.
You kill the frilled lizard!
You start resting.
Found an escape hatch in the floor.
You butcher the frilled lizard corpse.
I - 2 chunks of flesh (gained 1)
An adder comes into view.
The adder bites you.
Aim: an adder The magic dart hits the adder.
The adder bites you but does no damage.
Aim: an adder (heavily wounded)
The magic dart hits the adder.
The adder completely misses you. The adder closely misses you.
Aim: an adder (heavily wounded)
The magic dart hits the adder.
You kill the adder!
You start resting.
You now have 275 gold pieces (gained 22).
Found a ration.
Found a scroll labeled AME WIDAMYCVU.
c - 12 rations (gained 1)
G - 2 scrolls labeled AME WIDAMYCVU (gained 1)
Found a glowing robe.
Some of the chunks of flesh in your inventory have rotted away.
There is an escape hatch in the ceiling here.
There is an escape hatch in the ceiling here.
A centaur comes into view.
The centaur shouts!
The centaur wields a shortbow.
The centaur shoots an arrow.
The arrow hits you.
You see here an arrow.
Aim: a centaur, wielding a shortbow The magic dart hits the centaur.
The centaur shoots an arrow.
The arrow closely misses you.
The centaur shoots an arrow.
The arrow barely misses you.
Aim: a centaur, wielding a shortbow (lightly wounded)
The magic dart hits the centaur.
The centaur shoots an arrow.
The arrow hits you!
* * * LOW HITPOINT WARNING * * *
Aim: a centaur, wielding a shortbow (moderately wounded)
The magic dart hits the centaur.
The centaur shoots an arrow.
The arrow hits you!
* * * LOW HITPOINT WARNING * * *
The centaur shoots an arrow.
The arrow hits you!
You die...

.# #..#.###.##..#####.#
.# #....##............#
.####
####.###.###########
....# #.....# ....#
###.### ._..##### #<#
........# #.# #####
.....##.#####.#####....c.
######>#........@(..# #
#..###.######### # #..#
#.# # #..# #.# #
#..###.##### #
#..........# #
#.####.....#
######.####.....#
##..............#


You could see a centaur.

Vanquished Creatures
  A phantom (D:4)
  2 ogres (D:4)
  A scorpion (D:4)
  2 howler monkeys (D:4)
  A jelly (D:5)
  4 orc wizards
  A bullfrog skeleton (D:4)
  3 worker ants
  3 gnolls (D:3)
  7 adders
  An ooze (D:2)
  An adder skeleton (D:4)
  A worm (D:2)
  2 dart slugs
  A leopard gecko (D:4)
  11 orcs
  7 giant cockroaches
  7 goblins
  7 hobgoblins
  4 jackals (D:1)
  4 kobolds
  4 quokkas
  A ball python (D:1)
  A ball python skeleton (D:4)
  7 bats
  10 frilled lizards
  15 rats
  A spectral orc (D:2)
110 creatures vanquished.

Notes
Turn   | Place    | Note
-------+----------+-------------------------------------------
     0 | D:1      | Ignatius881 the Deep Elf Conjurer began the quest for the Orb.
     0 | D:1      | Reached XP level 1. HP: 10/10 MP: 6/6
   271 | D:1      | Reached XP level 2. HP: 15/15 MP: 4/8
   309 | D:1      | Learned a level 2 spell: Searing Ray
  1071 | D:2      | Reached skill level 5 in Conjurations
  1071 | D:2      | Reached XP level 3. HP: 14/19 MP: 3/10
  1697 | D:2      | Found a basalt altar of Yredelemnul.
  1967 | D:2      | Reached XP level 4. HP: 24/24 MP: 7/11
  2003 | D:2      | Learned a level 4 spell: Iskenderun's Mystic Blast
  2395 | D:3      | Found a glowing silver altar of Zin.
  2395 | D:3      | Found a stormy altar of Qazlal.
  2909 | D:3      | Reached XP level 5. HP: 28/28 MP: 7/13
  2959 | D:3      | Learned a level 4 spell: Fulminant Prism
  3180 | D:3      | Reached skill level 6 in Conjurations
  3818 | D:4      | Reached skill level 5 in Spellcasting
  3818 | D:4      | Reached XP level 6. HP: 29/32 MP: 0/15
  4158 | D:4      | Reached skill level 7 in Conjurations
  4292 | D:4      | Reached skill level 5 in Dodging
  4292 | D:4      | Reached XP level 7. HP: 25/36 MP: 3/17
  4950 | D:4      | Got a faintly glowing dagger
  5130 | D:5      | Entered Level 5 of the Dungeon
  5243 | D:5      | Found a hazy altar of Hepliaklqana.
  5344 | D:5      | Found Hest's Distillery.
  5385 | D:5      | Found a bloodstained altar of Trog.
  5424 | D:5      | Reached skill level 8 in Conjurations
  5598 | D:5      | Shot with an arrow by a centaur

Skill      XL: |  1  2  3  4  5  6  7 |
---------------+----------------------+-----
Dodging        | 3 4 5 |  5.6
Conjurations   | 5 6 7 8 |  8.0
Spellcasting   | 4 5 6 |  6.3
Stealth        | |  2.4

Action                   |  1- 3 |  4- 6 |  7- 9 || total
-------------------------+-------+-------+-------++-------
 Cast: Magic Dart        |    77 |   119 |    38 ||   234
       Searing Ray       |     3 |     5 |     4 ||    12
       Iskenderun's Myst |       |     3 |       ||     3
  Use: Scroll            |     4 |     3 |     1 ||     8
       Potion            |       |       |     1 ||     1
  Eat: Chunk             |     3 |     4 |     4 ||    11
       Ration            |       |     1 |       ||     1
Armor: Robe              |     4 |     2 |     1 ||     7
Dodge: Dodged            |    31 |    17 |    16 ||    64
